[Event "Titled Tuesday Blitz August 15 Early 2023"]
[White "Wong, Yinn Long"]
[Black "Devaev, Alexander"]
[WhiteFideId "5707684"]
[BlackFideId "4169395"]
[WhiteElo "2719"]
[BlackElo "2478"]
[Result "1-0"]
[Round "3"]
[TimeControl "180+1"]
[Date "2023.08.15"]
[WhiteClock "0:00:19"]
[BlackClock "0:00:00"]
[Board "88"]

1. e4 c6 2. Nf3 d5 3. d3 d4 4. g3 c5 5. Bg2 Nc6 6. O-O e5 7. a4 h6 8. Nh4 g6 9. Na3 Be7 10. Nf3 Bg4 11. h3 Be6 12. Ne1 Qd7 13. Kh2 g5 14. f4 gxf4 15. gxf4 exf4 16. Bxf4 Bd6 17. Qd2 Nge7 18. Nb5 Be5 19. Nf3 Ng6 20. Nxe5 Ncxe5 21. Bxe5 Nxe5 22. Qf4 Ng6 23. Qg3 Ke7 24. Nc7 Rag8 25. Nd5+ Bxd5 26. exd5 Kf8 27. d6 Kg7 28. Bd5 Rf8 29. Rae1 h5 30. Re7 h4 31. Qxg6+ Kxg6 32. Rxd7 f6 33. Be4+ f5 34. Bd5 Kf6 35. Re7 Rd8 36. Rf7+ Kg6 37. R1xf5 Rxd6 38. Be4 Kh6 39. R5f6+ Rxf6 40. Rxf6+ Kg5 41. Rf5+ Kh6 42. Rxc5 b6 43. Rd5 Rf8 44. Rf5 Rc8 45. Rf2 Rc5 46. b3 a5 47. Kg1 b5 48. Kf1 bxa4 49. bxa4 Rc3 50. Bd5 Rc5 51. Bb3 Re5 52. Rf4 Kg5 53. Rg4+ Kh5 54. Rxd4 Rf5+ 55. Kg2 Re5 56. Rg4 Re2+ 57. Kf3 Re1 58. Re4 Rh1 59. Be6 1-0


[Site "https://www.chess.com"]

[Event "Titled Tuesday Blitz August 15 Early 2023"]
[White "Lamaze, Simon"]
[Black "brm72"]
[WhiteFideId "36069264"]
[WhiteElo "2715"]
[BlackElo "2478"]
[Result "1-0"]
[Round "3"]
[TimeControl "180+1"]
[Date "2023.08.15"]
[WhiteClock "0:01:28"]
[BlackClock "0:00:25"]
[Board "89"]

1. c4 c5 2. Nf3 Nc6 3. Nc3 g6 4. e3 Nf6 5. d4 cxd4 6. exd4 d5 7. cxd5 Nxd5 8. Qb3 Nxc3 9. Bc4 Nd5 10. Bxd5 e6 11. Bxc6+ bxc6 12. O-O Qd5 13. Qc2 f6 14. Be3 Kf7 15. b3 Be7 16. Rac1 Bd7 17. Rfd1 g5 18. Nd2 h5 19. Nc4 h4 20. Ne5+ fxe5 21. dxe5 Qxe5 22. Rxd7 Rad8 23. Rxa7 g4 24. Ra4 g3 25. Rf4+ Bf6 26. Rf1 gxh2+ 27. Kh1 h3 28. g4 Qd5+ 29. Qe4 Qxe4+ 30. Rxe4 e5 31. g5 Bg7 32. Kxh2 Ra8 33. a4 Ke6 34. Rc4 Rhc8 35. Kxh3 Rab8 36. b4 Ra8 37. Rfc1 Kd6 38. a5 Rab8 39. a6 Ra8 40. a7 1-0


[Site "https://www.chess.com"]

[Event "Titled Tuesday Blitz August 15 Early 2023"]
[White "Vaibhav, Suri"]
[Black "Patrascu, Catalin-Lucian"]
[WhiteFideId "5045185"]
[BlackFideId "1229052"]
[WhiteElo "2713"]
[BlackElo "2475"]
[Result "1-0"]
[Round "3"]
[TimeControl "180+1"]
[Date "2023.08.15"]
[WhiteClock "0:00:12"]
[BlackClock "0:00:00"]
[Board "90"]

1. e4 c5 2. Nf3 d6 3. Nc3 Nf6 4. d4 cxd4 5. Qxd4 a6 6. Qd3 Nc6 7. Be2 Bg4 8. O-O g6 9. Nd5 Bg7 10. c3 O-O 11. h3 Bxf3 12. Qxf3 Nd7 13. Bg5 Re8 14. Rad1 Qa5 15. a3 e6 16. b4 Qxa3 17. Nc7 Qxc3 18. Qxc3 Bxc3 19. Nxa8 Rxa8 20. Rxd6 Nb6 21. Rb1 Be5 22. Rdd1 Nd4 23. Bf1 Nb5 24. Be3 Na4 25. Rd7 Nac3 26. Rc1 Rb8 27. f3 Kf8 28. Bc5+ Kg7 29. Be3 Kf8 30. h4 Ke8 31. Rd3 h5 32. Rd2 Bf6 33. g3 Be5 34. Kf2 Bf6 35. Bg5 Be5 36. Rd3 Rc8 37. Be3 1-0


[Site "https://www.chess.com"]

[Event "Titled Tuesday Blitz August 15 Early 2023"]
[White "Shuvalov, Evgenij"]
[Black "Akobian, Varuzhan"]
[WhiteFideId "4187237"]
[BlackFideId "13300580"]
[WhiteElo "2473"]
[BlackElo "2712"]
[Result "0-1"]
[Round "3"]
[TimeControl "180+1"]
[Date "2023.08.15"]
[WhiteClock "0:00:00"]
[BlackClock "0:00:07"]
[Board "91"]

1. d4 e6 2. c4 f5 3. g3 Nf6 4. Bg2 d5 5. Nd2 c6 6. Nh3 Bd6 7. O-O O-O 8. Qc2 Qe7 9. Nf3 Nbd7 10. Nf4 Ne4 11. b3 Ndf6 12. Nd3 Bd7 13. Bf4 Be8 14. Bxd6 Qxd6 15. e3 Bh5 16. Nfe5 Nd7 17. f3 Nef6 18. Qb2 Qe7 19. Rae1 Nxe5 20. Nxe5 Nd7 21. Nd3 Qd6 22. c5 Qe7 23. b4 a6 24. a4 h6 25. Nf4 Bf7 26. e4 Qf6 27. exd5 exd5 28. Nd3 Rfe8 29. f4 Rxe1 30. Rxe1 Qd8 31. Bh3 g6 32. Ne5 Nf6 33. b5 axb5 34. axb5 Qa5 35. Rb1 Be8 36. bxc6 bxc6 37. Bg2 Qa4 38. Kh1 Ra5 39. Bf3 Rb5 40. Qc1 Rxb1 41. Qxb1 Qxd4 42. Qb6 Qf2 43. h3 Qxg3 44. Qc7 Qxh3+ 45. Kg1 Qg3+ 0-1


[Site "https://www.chess.com"]

[Event "Titled Tuesday Blitz August 15 Early 2023"]
[White "Yashmetov, Mikhail"]
[Black "Korchmar, Vasiliy"]
[WhiteFideId "24198900"]
[BlackFideId "24131750"]
[WhiteElo "2471"]
[BlackElo "2710"]
[Result "1-0"]
[Round "3"]
[TimeControl "180+1"]
[Date "2023.08.15"]
[WhiteClock "0:00:04"]
[BlackClock "0:00:52"]
[Board "92"]

1. d4 Nf6 2. c4 c6 3. Nf3 d5 4. g3 g6 5. Bg2 Bg7 6. O-O O-O 7. Qb3 a5 8. cxd5 a4 9. Qd1 cxd5 10. Nc3 Nc6 11. Nxa4 Ne4 12. Nc3 Qa5 13. Qb3 Be6 14. e3 Qa6 15. Nd2 Na5 16. Qb4 Nxc3 17. bxc3 Bf6 18. Rb1 Rfc8 19. e4 dxe4 20. Nxe4 Bxa2 21. Ra1 Nb3 22. Nxf6+ exf6 23. Bxb7 Qe2 24. Bxc8 Rxc8 25. Qb7 Rxc3 26. Bh6 Qe6 27. Rxa2 Rc8 28. Ra8 1-0


[Site "https://www.chess.com"]

[Event "Titled Tuesday Blitz August 15 Early 2023"]
[White "Starozhilov, Leonid"]
[Black "Arencibia Monduy, Antonio"]
[WhiteFideId "14106752"]
[BlackFideId "3507939"]
[WhiteElo "2708"]
[BlackElo "2468"]
[Result "1-0"]
[Round "3"]
[TimeControl "180+1"]
[Date "2023.08.15"]
[WhiteClock "0:00:16"]
[BlackClock "0:00:00"]
[Board "93"]

1. e4 e6 2. d4 d5 3. e5 c5 4. c3 Nc6 5. Nf3 cxd4 6. cxd4 Nge7 7. Bd3 Nf5 8. Bxf5 exf5 9. Nc3 Be6 10. a3 h6 11. h4 Be7 12. Ne2 Rc8 13. Nf4 Qd7 14. Rh3 g6 15. Kf1 Kd8 16. Bd2 Kc7 17. b4 a6 18. Nd3 Kb8 19. Nc5 Qd8 20. Rb1 Na7 21. a4 Ka8 22. b5 Bxc5 23. dxc5 Rxc5 24. bxa6 bxa6 25. Nd4 Rc4 26. Be1 Qc7 27. Rhb3 Rc8 28. Rb7 Qxb7 29. Rxb7 Kxb7 30. Qb3+ Ka8 31. Qb2 Rb8 32. Qa1 Rbc8 33. Bd2 h5 34. g3 Bd7 35. Be3 Nc6 36. Nb5 d4 37. Bxd4 Nxd4 38. Kg2 axb5 39. axb5+ Kb7 40. Qa6+ Kc7 41. Qd6+ Kb7 42. Qxd7+ R8c7 43. Qd5+ Kb8 44. b6 R7c6 45. Qxf7 Rxb6 46. Qxc4 Ne6 47. Qd5 Kc7 48. Qa2 Kb7 49. Qa3 Kc7 50. Qe7+ Kc8 51. Qe8+ Nd8 52. f3 Re6 53. Qb5 Kc7 54. Kh3 Rc6 55. Qb4 Kd7 56. g4 fxg4+ 57. fxg4 hxg4+ 58. Kxg4 Ne6 59. Qd2+ Ke7 60. Qb4+ Kd7 61. Qb7+ Rc7 62. Qd5+ Ke8 63. Qxe6+ Re7 64. Qg8+ Kd7 65. Qxg6 Kd8 66. h5 Rc7 67. h6 Rc6 68. Qxc6 1-0


[Site "https://www.chess.com"]

[Event "Titled Tuesday Blitz August 15 Early 2023"]
[White "Priasmoro, Novendra"]
[Black "NigelDwarf"]
[WhiteFideId "7105029"]
[WhiteElo "2703"]
[BlackElo "2467"]
[Result "1-0"]
[Round "3"]
[TimeControl "180+1"]
[Date "2023.08.15"]
[WhiteClock "0:00:38"]
[BlackClock "0:00:00"]
[Board "94"]

1. Nf3 Nf6 2. g3 g6 3. Bg2 Bg7 4. d4 O-O 5. O-O d6 6. c4 Nc6 7. Nc3 e5 8. dxe5 Nxe5 9. Nxe5 dxe5 10. Bg5 Qxd1 11. Rfxd1 c6 12. Rd6 Be6 13. b3 h6 14. Bxf6 Bxf6 15. Rad1 Be7 16. R6d3 f5 17. e4 f4 18. Ne2 Bc5 19. gxf4 exf4 20. Nd4 Bf7 21. e5 Rfe8 22. Nxc6 bxc6 23. Bxc6 g5 24. Bxa8 Rxa8 25. Rd8+ Rxd8 26. Rxd8+ Kg7 27. Rc8 Bd4 28. c5 Bxe5 29. c6 Kf6 30. c7 Ke7 31. a4 Be6 32. Ra8 Bxc7 33. Rxa7 Kd6 34. b4 Bc4 35. b5 g4 36. Ra6+ Kd5 37. Rxh6 Bb3 38. b6 Be5 39. a5 Kc5 40. b7 Bd5 41. a6 1-0


[Site "https://www.chess.com"]

[Event "Titled Tuesday Blitz August 15 Early 2023"]
[White "Djordjevic, Vuk"]
[Black "Mindhunter08"]
[WhiteFideId "902098"]
[WhiteElo "2697"]
[BlackElo "2466"]
[Result "1/2-1/2"]
[Round "3"]
[TimeControl "180+1"]
[Date "2023.08.15"]
[WhiteClock "0:00:06"]
[BlackClock "0:00:07"]
[Board "95"]

1. d4 d5 2. Nf3 Nf6 3. c4 c6 4. Nc3 e6 5. Bg5 dxc4 6. e4 b5 7. e5 h6 8. Bh4 g5 9. Nxg5 hxg5 10. Bxg5 Nbd7 11. g3 Bb7 12. Bg2 Qb6 13. exf6 O-O-O 14. O-O c5 15. d5 b4 16. Na4 Qb5 17. a3 Nb8 18. axb4 cxb4 19. Qg4 Bxd5 20. Rfc1 Nc6 21. Bxd5 Rxd5 22. Qxc4 Rd1+ 23. Rxd1 Qxc4 24. Be3 Qe4 25. Rac1 Rh5 26. Rd4 Qf3 27. Rf4 Qd5 28. Rfc4 Kb7 29. Bxa7 Nxa7 30. Rc7+ Ka6 31. Ra1 Qa5 32. Rxf7 Bd6 33. Rd7 Nc8 34. Nc5+ Rxc5 35. Rxa5+ Kxa5 36. f7 Rf5 37. Rd8 Rxf7 38. Rxc8 Ka4 39. Rd8 Be7 40. Rd7 Kb3 41. h4 Kxb2 42. h5 b3 43. g4 Ka1 44. Ra7+ Kb1 45. g5 b2 46. g6 Rf5 47. Rxe7 Rxh5 48. g7 Rg5+ 49. Kf1 Kc1 50. Rc7+ Kd2 51. Rd7+ Kc3 52. Rc7+ Kd4 53. Rd7+ Rd5 54. Rxd5+ exd5 55. g8=Q b1=Q+ 56. Kg2 Qe4+ 57. Kg3 Qe5+ 58. f4 Qe3+ 59. Kh4 Qxf4+ 60. Kh5 Ke4 61. Qa8 Qe5+ 62. Kg4 Qf5+ 63. Kg3 Qf3+ 64. Kh2 Qf2+ 65. Kh3 Qe3+ 66. Kg2 Qf4 67. Qb7 Ke5 68. Qc7+ Kf5 69. Qf7+ Ke4 70. Qxf4+ Kxf4 71. Kf2 Ke4 72. Ke2 Kd4 73. Kd2 Ke4 74. Ke2 Kd4 75. Kd2 Kc4 76. Kc2 Kd4 77. Kd2 1/2-1/2


[Site "https://www.chess.com"]

[Event "Titled Tuesday Blitz August 15 Early 2023"]
[White "Karavade, Eesha"]
[Black "Shyam, Sundar M."]
[WhiteFideId "5012600"]
[BlackFideId "5019141"]
[WhiteElo "2463"]
[BlackElo "2696"]
[Result "1/2-1/2"]
[Round "3"]
[TimeControl "180+1"]
[Date "2023.08.15"]
[WhiteClock "0:00:43"]
[BlackClock "0:00:46"]
[Board "96"]

1. d4 Nf6 2. c4 b6 3. Nf3 Bb7 4. Nc3 g6 5. Qc2 Bxf3 6. exf3 Bg7 7. Be3 O-O 8. Be2 d6 9. O-O-O Nbd7 10. h4 c5 11. d5 a6 12. g4 b5 13. h5 Qa5 14. cxb5 axb5 15. Bxb5 Nb6 16. hxg6 fxg6 17. Bh6 Bxh6+ 18. Rxh6 Rf7 19. g5 Nfd7 20. Bxd7 Nxd7 21. Rdh1 Nf8 22. Qe4 Qb4 23. R1h2 Qd4 24. Kc2 Nd7 25. Qe6 Nf8 26. Qe4 Nd7 27. Qe6 Nf8 28. Qe4 1/2-1/2


[Site "https://www.chess.com"]

[Event "Titled Tuesday Blitz August 15 Early 2023"]
[White "GaiozNigalidze"]
[Black "RrainlessBobot"]
[WhiteElo "2695"]
[BlackElo "2463"]
[Result "1-0"]
[Round "3"]
[TimeControl "180+1"]
[Date "2023.08.15"]
[WhiteClock "0:01:20"]
[BlackClock "0:00:22"]
[Board "97"]

1. d4 Nf6 2. c4 g6 3. Nc3 Bg7 4. e4 d6 5. Nf3 O-O 6. h3 e5 7. d5 a5 8. Bd3 Na6 9. Bg5 Qe8 10. a3 Nc5 11. Bc2 Bd7 12. b4 axb4 13. axb4 Rxa1 14. Qxa1 Na6 15. Qa5 Nh5 16. b5 Nc5 17. Qxc7 Nf4 18. Qxd6 Ncd3+ 19. Bxd3 Nxd3+ 20. Kd2 Nf4 21. Bf6 Bh6 22. Kc2 Nh5 23. Bxe5 Qc8 24. c5 Rd8 25. Qc7 Qa8 26. c6 bxc6 27. bxc6 Be8 28. Rb1 Rc8 29. Qb7 1-0


[Site "https://www.chess.com"]

[Event "Titled Tuesday Blitz August 15 Early 2023"]
[White "Skvortsov, Andrei"]
[Black "slidingknight2775"]
[WhiteFideId "24108600"]
[WhiteElo "2692"]
[BlackElo "2461"]
[Result "1-0"]
[Round "3"]
[TimeControl "180+1"]
[Date "2023.08.15"]
[WhiteClock "0:00:25"]
[BlackClock "0:00:17"]
[Board "98"]

1. e4 c6 2. d4 d5 3. Nc3 dxe4 4. Nxe4 Nf6 5. Nxf6+ exf6 6. Nf3 Bd6 7. Bd3 O-O 8. O-O Re8 9. c4 Bg4 10. h3 Bh5 11. g4 Bg6 12. Qc2 Na6 13. a3 Nc7 14. Bf5 Ne6 15. Be3 Nf4 16. Bxf4 Bxf4 17. Kg2 Bc7 18. Rfe1 Qd6 19. b4 Qf4 20. Bxg6 hxg6 21. Qd2 Qxd2 22. Nxd2 Kf8 23. Nb3 Rad8 24. Kf3 g5 25. Re4 Rxe4 26. Kxe4 Re8+ 27. Kd3 g6 28. Nc5 b6 29. Ne4 Kg7 30. Rd1 Rh8 31. Rh1 Bf4 32. d5 Rd8 33. Nc3 Be5 34. Rd1 Rh8 35. Rh1 cxd5 36. Nxd5 f5 37. f3 fxg4 38. fxg4 f5 39. gxf5 gxf5 40. c5 bxc5 41. bxc5 g4 42. h4 Kf7 43. Kc4 Ke6 44. Re1 g3 45. h5 f4 46. Nxf4+ Kf5 47. Ng6 Rxh5 48. Nxe5 g2 49. Nf3 Kf4 50. Ng1 Rh1 51. c6 Kg3 52. c7 Rh8 53. Kc5 Kf2 54. Rc1 Rh1 55. c8=Q Rxg1 56. Rxg1 Kxg1 57. Kb5 Kf1 58. Qc1+ Kf2 59. Qd2+ Kf1 60. Qf4+ Ke1 61. Qe3+ Kf1 62. Qf3+ Kg1 63. Ka6 Kh2 64. Qf2 Kh1 65. Qh4+ Kg1 66. Kxa7 Kf1 67. Qf4+ Kg1 68. Kb7 Kh1 69. Qh4+ Kg1 70. a4 Kf1 71. Qf4+ Kg1 72. a5 Kh1 73. Qh4+ Kg1 74. a6 Kf1 75. Qf4+ Ke2 76. Qg3 Kf1 77. Qf3+ Kg1 78. a7 Kh2 79. Qh5+ Kg3 80. Qg5+ Kh3 81. a8=Q Kh2 82. Qh8+ Kg1 83. Qd4+ Kf1 84. Qc1+ Ke2 85. Qcd2+ Kf1 86. Q4f4+ Kg1 87. Kc6 Kh1 88. Qf3 Kh2 89. Qfxg2# 1-0


[Site "https://www.chess.com"]

[Event "Titled Tuesday Blitz August 15 Early 2023"]
[White "Veiga, Jose Francisco R P Neves"]
[Black "Dong Khanh Linh"]
[WhiteFideId "1930087"]
[BlackFideId "12403040"]
[WhiteElo "2690"]
[BlackElo "2459"]
[Result "1/2-1/2"]
[Round "3"]
[TimeControl "180+1"]
[Date "2023.08.15"]
[WhiteClock "0:00:09"]
[BlackClock "0:00:03"]
[Board "99"]

1. c4 f5 2. Nc3 Nf6 3. g3 e5 4. Bg2 Bb4 5. Nd5 Nxd5 6. cxd5 O-O 7. e3 d6 8. Ne2 a5 9. a3 Bc5 10. d4 Bb6 11. dxe5 dxe5 12. O-O Nd7 13. Bd2 Nf6 14. Bc3 Qe7 15. b4 axb4 16. axb4 Bd7 17. Qb3 Qd6 18. Qb2 Rae8 19. Rfd1 Ne4 20. Be1 h6 21. Nc3 Nxc3 22. Bxc3 Rf7 23. Re1 f4 24. exf4 exf4 25. Rxe8+ Bxe8 26. Re1 Bd7 27. Be5 Qg6 28. Be4 Bf5 29. Bxf5 Rxf5 30. Bd4 Bxd4 31. Qxd4 f3 32. h4 Kh7 33. Re7 Rf6 34. Kh2 c6 35. Rxb7 Rd6 36. g4 Rxd5 37. Qf4 Rd3 38. h5 Qe6 39. Kg3 Rd5 40. Qc7 Rg5 41. Qf4 Qd5 42. Qxf3 Qe5+ 43. Qf4 Qc3+ 44. f3 Qe1+ 45. Kh3 Qh1+ 46. Kg3 Qg1+ 47. Kh3 Qf1+ 48. Kh2 Qf2+ 49. Kh3 Qf1+ 50. Kh2 Qf2+ 51. Kh3 Qf1+ 1/2-1/2


[Site "https://www.chess.com"]

[Event "Titled Tuesday Blitz August 15 Early 2023"]
[White "Ljukin, Sergei"]
[Black "Matinian, Nikita"]
[WhiteFideId "14102200"]
[BlackFideId "24129100"]
[WhiteElo "2457"]
[BlackElo "2687"]
[Result "0-1"]
[Round "3"]
[TimeControl "180+1"]
[Date "2023.08.15"]
[WhiteClock "0:00:05"]
[BlackClock "0:00:49"]
[Board "100"]

1. e4 c5 2. Nf3 e6 3. d4 cxd4 4. Nxd4 Nc6 5. Nc3 Nf6 6. Nxc6 bxc6 7. e5 Nd5 8. Ne4 Bb7 9. Be2 c5 10. O-O Qc7 11. Nd6+ Bxd6 12. exd6 Qc6 13. Bf3 c4 14. b3 c3 15. Qd4 f6 16. Rd1 O-O 17. Rd3 Rac8 18. Qxa7 Ra8 19. Qd4 Rfc8 20. Bxd5 Qxd5 21. Qxd5 Bxd5 22. f3 Rc6 23. a4 Kf7 24. Ba3 g5 25. Re1 h5 26. Bb4 Rb8 27. Ba3 Rbc8 28. Kf2 f5 29. Bb4 Kf6 30. Ra1 f4 31. a5 Kf5 32. a6 Rb6 33. Bxc3 Rbc6 34. Bd2 Rxc2 35. a7 Ba8 36. Ra5+ e5 37. Rdd5 Bxd5 38. Rxd5 Ra2 39. Ke1 Rxa7 40. Ke2 Ra2 41. Kd3 Rcc2 42. Bc3 Rxc3+ 43. Kxc3 Rxg2 44. Rc5 Rxh2 45. b4 g4 46. b5 gxf3 47. b6 f2 48. b7 f1=Q 49. b8=Q Qc1+ 0-1


[Site "https://www.chess.com"]

[Event "Titled Tuesday Blitz August 15 Early 2023"]
[White "Vaishali, Rameshbabu"]
[Black "Spichkin, Alexander"]
[WhiteFideId "5091756"]
[BlackFideId "4144074"]
[WhiteElo "2670"]
[BlackElo "2456"]
[Result "0-1"]
[Round "3"]
[TimeControl "180+1"]
[Date "2023.08.15"]
[WhiteClock "0:00:00"]
[BlackClock "0:01:10"]
[Board "101"]

1. d4 e6 2. Nf3 f5 3. g3 Nf6 4. Bg2 d6 5. O-O Be7 6. b3 O-O 7. Bb2 a5 8. Nbd2 Qe8 9. c4 a4 10. Qc2 Qh5 11. e4 Nc6 12. exf5 e5 13. dxe5 Bxf5 14. Qc3 dxe5 15. Nxe5 Bb4 16. Qf3 Bxd2 17. Qxh5 Nxh5 18. Bd5+ Kh8 19. Nf7+ Rxf7 20. Bxf7 a3 21. Bxa3 Rxa3 22. Bxh5 Bc3 23. Rad1 g6 24. Bf3 Nd4 25. Bxb7 Rxa2 26. b4 Bc2 27. Kg2 Bxd1 28. Rxd1 Rb2 29. b5 Kg7 30. h4 Kf6 31. Rd3 Rc2 32. Be4 Rc1 33. Re3 Ba1 34. Bd5 Rc3 35. Re8 h5 36. Rc8 Rc2 37. Rxc7 Nf5 38. Rc6+ Ke5 39. Rxg6 Ne3+ 40. Kf3 Nd1 41. Re6+ Kd4 42. Re4+ Kc5 43. Re2 Rc1 44. Kf4 Nc3 45. Re8 Nxd5+ 46. cxd5 Kxd5 47. Kg5 Rf1 48. Re2 Bd4 49. f4 Rg1 50. Kxh5 Rxg3 51. f5 Rf3 52. Kg6 Rg3+ 53. Kh5 Be5 54. b6 Rb3 55. Kg5 Rxb6 56. Rd2+ Bd4 57. h5 Ke4 58. Re2+ Be3+ 59. Kg4 Kd3 60. Ra2 Rb4+ 61. Kg3 Bf4+ 62. Kf3 Bd2 63. Ra3+ Kc2 64. Ra5 Rh4 0-1


[Site "https://www.chess.com"]

[Event "Titled Tuesday Blitz August 15 Early 2023"]
[White "Papasimakopoulos, Alexandros"]
[Black "Womacka, Mathias"]
[WhiteFideId "4244125"]
[BlackFideId "4611390"]
[WhiteElo "2668"]
[BlackElo "2456"]
[Result "1-0"]
[Round "3"]
[TimeControl "180+1"]
[Date "2023.08.15"]
[WhiteClock "0:00:31"]
[BlackClock "0:00:00"]
[Board "102"]

1. d4 Nf6 2. c4 e6 3. Nc3 Bb4 4. Qc2 c5 5. dxc5 O-O 6. Nf3 Na6 7. Bd2 Nxc5 8. e3 b6 9. Be2 Bb7 10. O-O Rc8 11. Rfd1 a6 12. Na4 Bxd2 13. Nxc5 Rxc5 14. Qxd2 Bxf3 15. Bxf3 Rxc4 16. Be2 Rc5 17. Bxa6 b5 18. b4 Rd5 19. Qc2 Qb6 20. Bc8 Rxd1+ 21. Rxd1 d5 22. Rc1 Ne4 23. Qc7 Qd6 24. Qxd6 Nxd6 25. Ba6 Rb8 26. Rc6 Rd8 27. Rb6 Kf8 28. Bxb5 Nxb5 29. Rxb5 Rc8 30. g4 Rc2 31. a4 Ra2 32. a5 g5 33. e4 d4 34. Kf1 d3 35. Ke1 Re2+ 36. Kd1 Rxf2 37. a6 Ra2 38. Ra5 Rc2 39. a7 1-0


[Site "https://www.chess.com"]

[Event "Titled Tuesday Blitz August 15 Early 2023"]
[White "Haug, Havard"]
[Black "MrAnnihilation"]
[WhiteFideId "1547887"]
[WhiteElo "2668"]
[BlackElo "2455"]
[Result "1/2-1/2"]
[Round "3"]
[TimeControl "180+1"]
[Date "2023.08.15"]
[WhiteClock "0:00:20"]
[BlackClock "0:00:03"]
[Board "103"]

1. e4 e5 2. Nf3 Nc6 3. Bc4 Nf6 4. d3 h6 5. O-O d6 6. a4 g5 7. Re1 Bg7 8. Nc3 Bg4 9. Be3 Qd7 10. a5 a6 11. h3 Bh5 12. Nd5 Ne7 13. Nxf6+ Bxf6 14. g4 Bg6 15. d4 Bxe4 16. dxe5 Bxf3 17. Qxf3 Bxe5 18. Bxf7+ Kd8 19. Qxb7 Qc6 20. Qb3 Rf8 21. c3 Qf3 22. Bh5 Qxh3 23. Qc2 Bh2+ 24. Kh1 Bg3+ 25. Kg1 Bh2+ 26. Kh1 Nd5 27. Bd4 Nf4 28. Qe4 Bg3+ 29. Kg1 Bh2+ 30. Kh1 Bg3+ 31. Kg1 Qh2+ 32. Kf1 Qh3+ 33. Kg1 1/2-1/2


[Site "https://www.chess.com"]

[Event "Titled Tuesday Blitz August 15 Early 2023"]
[White "Mrudul Dehankar"]
[Black "Aaditya Dhingra"]
[WhiteFideId "25096990"]
[BlackFideId "25678191"]
[WhiteElo "2454"]
[BlackElo "2660"]
[Result "0-1"]
[Round "3"]
[TimeControl "180+1"]
[Date "2023.08.15"]
[WhiteClock "0:00:00"]
[BlackClock "0:01:02"]
[Board "104"]

1. e4 c5 2. Nf3 e6 3. d4 cxd4 4. Nxd4 Nf6 5. Bd3 Nc6 6. Nxc6 dxc6 7. O-O e5 8. h3 Be6 9. Be3 Nd7 10. Nc3 Bc5 11. Qe2 O-O 12. Rad1 Qe7 13. a3 Rad8 14. Na4 Bxe3 15. Qxe3 b5 16. Nc3 Nc5 17. Be2 a5 18. Rxd8 Rxd8 19. Rd1 Rxd1+ 20. Nxd1 Qd6 21. b4 axb4 22. axb4 Na4 23. c3 Bb3 24. Qc1 Bxd1 25. Bxd1 Nxc3 26. Qxc3 Qxd1+ 27. Kh2 Qd6 28. Qa3 g6 29. f3 Kg7 30. Qc3 h5 31. h4 Qf6 32. Kh3 Qe6+ 33. Kh2 Kf6 34. Qc5 Qd7 35. Kg3 Ke6 36. Qf8 Qd6 37. Qe8+ Kf6 38. Qh8+ Ke7 39. Qg7 Qxb4 40. Qxe5+ Kd7 41. f4 Qd6 42. Qc3 b4 43. Qb3 Ke7 44. e5 Qd4 45. Qa4 Qc3+ 46. Kh2 Kf8 47. Qa8+ Kg7 48. Qd8 Qc4 49. Qf6+ Kg8 50. Qd8+ Kh7 51. Qc7 b3 52. Qb7 Qxf4+ 53. Kg1 Qe3+ 0-1


[Site "https://www.chess.com"]

[Event "Titled Tuesday Blitz August 15 Early 2023"]
[White "Liu, Casper"]
[Black "Radzhabov, Rodion"]
[WhiteFideId "1454153"]
[BlackFideId "884715"]
[WhiteElo "2451"]
[BlackElo "2628"]
[Result "1-0"]
[Round "3"]
[TimeControl "180+1"]
[Date "2023.08.15"]
[WhiteClock "0:00:25"]
[BlackClock "0:00:00"]
[Board "105"]

1. e4 c5 2. d4 cxd4 3. Qxd4 Nc6 4. Qe3 g6 5. Nc3 Bg7 6. Bd2 d6 7. O-O-O Nf6 8. h4 Be6 9. Nh3 Ng4 10. Qg3 Qb6 11. f3 Ne3 12. Re1 Nxf1 13. Rexf1 Bxa2 14. Nf4 Rc8 15. h5 Nd4 16. hxg6 hxg6 17. Rxh8+ Bxh8 18. Qh3 Qc5 19. Qxh8+ Kd7 20. Qh3+ f5 21. Nd3 Qc4 22. exf5 gxf5 23. Re1 Bb3 24. Qh4 Bxc2 25. Qxe7+ Kc6 26. Nf4 Qa4 27. Be3 Kb6 28. Bxd4+ Qxd4 29. Kxc2 Qxf4 30. Qd7 Rc6 31. Qd8+ Ka6 32. Ra1+ 1-0


[Site "https://www.chess.com"]

[Event "Titled Tuesday Blitz August 15 Early 2023"]
[White "Sipila, Vilka"]
[Black "Rosenberg, Evan S"]
[WhiteFideId "505455"]
[BlackFideId "2019299"]
[WhiteElo "2626"]
[BlackElo "2450"]
[Result "1-0"]
[Round "3"]
[TimeControl "180+1"]
[Date "2023.08.15"]
[WhiteClock "0:02:02"]
[BlackClock "0:00:15"]
[Board "106"]

1. d4 d5 2. Bf4 c5 3. e3 Nc6 4. Nf3 Bg4 5. c3 e6 6. Nbd2 Nf6 7. h3 Bh5 8. g4 Bg6 9. Ne5 Be7 10. h4 h5 11. g5 Nd7 12. Nxg6 fxg6 13. Bd3 Kf7 14. Qf3 Kg8 15. Bxg6 Nf8 16. Bc7 Nxg6 17. Bxd8 Rxd8 18. O-O-O Rf8 19. Qh3 Nd8 20. f4 Rf5 21. Nf3 Kh7 22. Qf1 Rhf8 23. Qe2 Nh8 24. Ne5 g6 25. dxc5 Bxc5 26. Nd7 b6 27. Nxf8+ Rxf8 28. e4 Rxf4 29. exd5 Rf2 30. Qe1 exd5 1-0


[Site "https://www.chess.com"]

[Event "Titled Tuesday Blitz August 15 Early 2023"]
[White "Bobkov, Vadim"]
[Black "Ovchinnikov, Vsevolod"]
[WhiteFideId "34110876"]
[BlackFideId "24176842"]
[WhiteElo "2448"]
[BlackElo "2624"]
[Result "0-1"]
[Round "3"]
[TimeControl "180+1"]
[Date "2023.08.15"]
[WhiteClock "0:00:00"]
[BlackClock "0:00:05"]
[Board "107"]

1. d4 Nf6 2. c4 g6 3. Nc3 d5 4. Bf4 Bg7 5. e3 c6 6. Nf3 O-O 7. Bd3 a6 8. O-O dxc4 9. Bxc4 b5 10. Bb3 Nbd7 11. e4 c5 12. e5 Nh5 13. Be3 cxd4 14. Bxd4 Nf4 15. e6 Nxe6 16. Bxe6 fxe6 17. Bxg7 Kxg7 18. Ng5 Nf6 19. Qf3 Ra7 20. Rad1 Qb6 21. Rfe1 h6 22. Nge4 Nxe4 23. Qxe4 Qxf2+ 24. Kh1 Rd7 25. h3 Rxd1 26. Rxd1 Qf5 27. Qc6 e5 28. a3 Qe6 29. Qc7 g5 30. Re1 Qd6 31. Qa7 Bf5 32. Rd1 Qe6 33. Qc5 Rf7 34. Re1 e4 35. Ne2 Qd6 36. Qe3 Bg6 37. Nc3 Qe5 38. Rd1 Rf6 39. Re1 Rd6 40. Qa7 Re6 41. Qb7 h5 42. Qa7 h4 43. Qe3 Kh6 44. Qe2 Qf4 45. Rf1 Qg3 0-1


[Site "https://www.chess.com"]

[Event "Titled Tuesday Blitz August 15 Early 2023"]
[White "Ben Artzi, Ido"]
[Black "Sydoryka, Vladyslav"]
[WhiteFideId "2810913"]
[BlackFideId "14145928"]
[WhiteElo "2443"]
[BlackElo "2621"]
[Result "1-0"]
[Round "3"]
[TimeControl "180+1"]
[Date "2023.08.15"]
[WhiteClock "0:01:57"]
[BlackClock "0:01:58"]
[Board "109"]

1. d4 Nf6 2. c4 c5 3. d5 b5 4. cxb5 a6 5. bxa6 g6 6. Nc3 Bg7 7. Nf3 O-O 8. a7 Rxa7 9. e4 d6 10. Be2 Ba6 11. O-O Nbd7 12. Re1 Ng4 13. a4 Qa8 14. Bxa6 Rxa6 15. Qc2 Rb8 16. Bg5 Kf8 17. Ra3 Rb4 18. b3 h6 19. Bd2 Nge5 20. Nxe5 Nxe5 21. Nb1 Rb7 22. Bc3 Rab6 23. Nd2 Qa6 24. Bxe5 Bxe5 25. Nc4 Rb4 26. Nxe5 dxe5 27. Qxc5 Rxb3 28. Qc8+ 1-0


[Site "https://www.chess.com"]

[Event "Titled Tuesday Blitz August 15 Early 2023"]
[White "Bodnaruk, Anastasia"]
[Black "Rangel, Daniel"]
[WhiteFideId "4181751"]
[BlackFideId "2124475"]
[WhiteElo "2621"]
[BlackElo "2442"]
[Result "0-1"]
[Round "3"]
[TimeControl "180+1"]
[Date "2023.08.15"]
[WhiteClock "0:00:00"]
[BlackClock "0:00:11"]
[Board "110"]

1. e4 c5 2. Nc3 g6 3. f4 Bg7 4. Nf3 e6 5. d4 cxd4 6. Nxd4 a6 7. Be3 Ne7 8. a4 O-O 9. Be2 Nbc6 10. O-O d5 11. e5 Nxd4 12. Bxd4 Nf5 13. Bf2 b6 14. a5 b5 15. g4 Ne7 16. Bf3 Bb7 17. Ne2 Nc6 18. Bb6 Qe7 19. Nd4 Rfc8 20. c3 Bf8 21. Re1 b4 22. Qd2 bxc3 23. bxc3 Nxd4 24. Bxd4 Qc7 25. f5 Bc5 26. Rac1 Qxa5 27. Kh1 Bxd4 28. Qxd4 Rc4 29. Qd2 Rac8 30. Qh6 Qd8 31. Bg2 Rxg4 32. fxe6 fxe6 33. Rf1 Qg5 34. Qxg5 Rxg5 35. c4 Rxe5 36. c5 Bc6 37. Rb1 Kg7 38. Rb6 Rc7 39. Rfb1 Bb5 40. Rc1 d4 41. c6 Rf5 42. Rb7 Rff7 43. Kg1 e5 44. Be4 Kf6 45. Rf1+ Bxf1 46. Kxf1 Ke6+ 47. Ke2 Kd6 48. Kd3 Rxb7 49. cxb7 Kc7 50. Kc4 Kb8 51. Kd5 Rxb7 52. Kxe5 Rd7 53. Bd3 Rd8 54. Ke6 a5 55. Ke7 Kc7 56. Ke6 a4 0-1


[Site "https://www.chess.com"]